NWL
CINCINNATI (SS-A) REDS @ EVERETT AQUASOX
08/08/2099
 
TOP OF THE 1ST
Cincinnati (SS-A) Reds batting - Pitching for Everett AquaSox : RHP Nick Lezotte
Pitching: RHP Nick Lezotte
Batting: RHB Rob Ford 0-0: Ball
1-0: Fly out, F8 (Flyball, 8RD, EV 105.0 MPH)
Batting: RHB David Krisak 0-0: Ball
1-0: Fly out, F4 (Popup, 4, EV 71.3 MPH)
Batting: SHB Kyle Brent 0-0: Ball
1-0: Swinging Strike
1-1: Called Strike
1-2: Strikes out swinging
Top of the 1st over - 0 runs, 0 hits, 0 errors, 0 left on base; Cincinnati (SS-A) 0 - Everett 0
BOTTOM OF THE 1ST
Everett AquaSox batting - Pitching for Cincinnati (SS-A) Reds : RHP Mike Reed
Pitching: RHP Mike Reed
Batting: RHB Chris Fahey 0-0: Called Strike
0-1: Ball
1-1: Ball
2-1: Foul Ball, location: 2F
2-2: Strikes out swinging
Batting: RHB Tim Skirvin 0-0: Ball
1-0: Swinging Strike
1-1: Foul Ball, location: 25F
1-2: Ball
2-2: Fly out, F9 (Flyball, 9, EV 89.4 MPH)
Batting: RHB Primo Daniele 0-0: Foul Ball, location: 2F
0-1: Ball
1-1: Called Strike
1-2: Ball
2-2: Ball
3-2: Base on Balls
Batting: RHB Kyle Hernandez 0-0: Ball
1-0: Ball
2-0: Called Strike
2-1: Fly out, F7 (Flyball, 78M, EV 96.9 MPH)
Bottom of the 1st over - 0 runs, 0 hits, 0 errors, 1 left on base; Cincinnati (SS-A) 0 - Everett 0
TOP OF THE 2ND
Cincinnati (SS-A) Reds batting - Pitching for Everett AquaSox : RHP Nick Lezotte
Batting: RHB Chris Leeder 0-0: Called Strike
0-1: Ground out 4-3 (Groundball, 4M, EV 84.4 MPH)
Batting: RHB Dustin Keeney 0-0: Ball
1-0: Called Strike
1-1: Fly out, F6 (Line Drive, 6M, EV 67.5 MPH)
Batting: LHB Paul Chavez 0-0: Foul Ball, location: 5FF
0-1: Ball
1-1: Foul Ball, location: 2F
1-2: Strikes out swinging
Top of the 2nd over - 0 runs, 0 hits, 0 errors, 0 left on base; Cincinnati (SS-A) 0 - Everett 0
BOTTOM OF THE 2ND
Everett AquaSox batting - Pitching for Cincinnati (SS-A) Reds : RHP Mike Reed
Batting: SHB Brian Sheets 0-0: Called Strike
0-1: Foul Ball, location: 25FF
0-2: Ball
1-2: Ground out 4-3 (Groundball, 4, EV 83.1 MPH)
Batting: RHB Scott Mancuso 0-0: Ball
1-0: Ball
2-0: Foul Ball, location: 2F
2-1: Ball
3-1: Called Strike
3-2: Strikes out swinging
Batting: RHB Justin Bell 0-0: Ball
1-0: Foul Ball, location: 9LSF
1-1: Ball
2-1: Called Strike
2-2: Strikes out looking
Bottom of the 2nd over - 0 runs, 0 hits, 0 errors, 0 left on base; Cincinnati (SS-A) 0 - Everett 0
TOP OF THE 3RD
Cincinnati (SS-A) Reds batting - Pitching for Everett AquaSox : RHP Nick Lezotte
Batting: RHB Chris Savich 0-0: Ball
1-0: Called Strike
1-1: Swinging Strike
1-2: Ball
2-2: Strikes out swinging
Batting: SHB Adam Perez 0-0: Foul Ball, location: 9LSF
0-1: Foul Ball, location: 23FF
0-2: Ball
1-2: Foul Ball, location: 3FF
1-2: Ball
2-2: Ball
3-2: Foul Ball, location: 23F
3-2: Fly out, F8 (Line Drive, 8LM, EV 93.1 MPH)
Batting: RHB Leo Lozoya 0-0: Called Strike
0-1: Foul Ball, location: 2F
0-2: Ball
1-2: Ball
2-2: Strikes out swinging
Top of the 3rd over - 0 runs, 0 hits, 0 errors, 0 left on base; Cincinnati (SS-A) 0 - Everett 0
BOTTOM OF THE 3RD
Everett AquaSox batting - Pitching for Cincinnati (SS-A) Reds : RHP Mike Reed
Batting: SHB Jim Rogerson 0-0: Ball
1-0: Ball
2-0: Ball
3-0: Called Strike
3-1: SINGLE (Groundball, 6MD, EV 105.6 MPH)
Batting: RHB Brett Butler 0-0: Ground out 5-3 (Groundball, 56S, EV 72.5 MPH)
Jim Rogerson to second
Batting: RHB Chris Fahey 0-0: Foul Ball, location: 2F
0-1: Called Strike
0-2: Ground out 5-3 (Groundball, 5, EV 92.5 MPH)
Batting: RHB Tim Skirvin 0-0: Called Strike
0-1: Ball
1-1: SINGLE (Line Drive, 56, EV 105.6 MPH)
Jim Rogerson to third
Runner from 3rd tries for Home, SAFE, throw by LF to home
Batting: RHB Primo Daniele 0-0: Called Strike
0-1: Foul Ball, location: 2F
0-2: Ball
1-2: SINGLE (Line Drive, 34D, EV 95.0 MPH)
Tim Skirvin to second
Runner from 2nd tries for 3rd, SAFE, throw by RF made to third
Batting: RHB Kyle Hernandez 0-0: Ball
1-0: Ball
2-0: Called Strike
2-1: Swinging Strike
2-2: SINGLE (Groundball, 6S, EV 70.0 MPH) (infield hit)
Tim Skirvin scores
Primo Daniele to second
Batting: SHB Brian Sheets 0-0: SINGLE (Line Drive, 3D, EV 96.9 MPH)
Primo Daniele to third
Kyle Hernandez to second
Runner from 3rd tries for Home, SAFE, throw by RF to home
Batting: RHB Scott Mancuso 0-0: Foul Ball, location: 2F
0-1: Ball
1-1: Ball
2-1: Ball
3-1: Base on Balls
Kyle Hernandez to third
Brian Sheets to second
Batting: RHB Justin Bell 0-0: Ball
1-0: Ball
2-0: Foul Ball, location: 3DF
2-1: Swinging Strike
2-2: Ball
3-2: Base on Balls
Kyle Hernandez scores
Brian Sheets to third
Scott Mancuso to second
Batting: SHB Jim Rogerson 0-0: Called Strike
0-1: Ball
1-1: Swinging Strike
1-2: Ball
2-2: Fly out, F8 (Flyball, 8LD, EV 89.4 MPH)
Bottom of the 3rd over - 4 runs, 5 hits, 0 errors, 3 left on base; Cincinnati (SS-A) 0 - Everett 4
TOP OF THE 4TH
Cincinnati (SS-A) Reds batting - Pitching for Everett AquaSox : RHP Nick Lezotte
Batting: RHB Rob Ford 0-0: Called Strike
0-1: Ball
1-1: Called Strike
1-2: Ball
2-2: Ball
3-2: Strikes out swinging
Batting: RHB David Krisak 0-0: SINGLE (Groundball, 6MD, EV 99.4 MPH)
Batting: SHB Kyle Brent 0-0: Ball
1-0: Called Strike
1-1: Called Strike
1-2: Ball
2-2: Fly out, F4 (Line Drive, 34, EV 71.3 MPH)
Batting: RHB Chris Leeder 0-0: Called Strike
0-1: Foul Ball, location: 23F
0-2: Ball
1-2: Ball
2-2: Fly out, F4 (Popup, 13S, EV 82.5 MPH)
Top of the 4th over - 0 runs, 1 hit, 0 errors, 1 left on base; Cincinnati (SS-A) 0 - Everett 4
BOTTOM OF THE 4TH
Everett AquaSox batting - Pitching for Cincinnati (SS-A) Reds : RHP Mike Reed
Batting: RHB Brett Butler 0-0: Foul Ball, location: 2F
0-1: Called Strike
0-2: Ground out 6-3 (Groundball, 6, EV 100.0 MPH)
Batting: RHB Chris Fahey 0-0: Foul Ball, location: 23F
0-1: Ball
1-1: SINGLE (Groundball, 15S, EV 61.3 MPH) (infield hit)
Batting: RHB Tim Skirvin 0-0: Ball
1-0: Fly out, F8 (Flyball, 8RM, EV 98.8 MPH)
Batting: RHB Primo Daniele 0-0: Ball
1-0: Ball
2-0: Called Strike
2-1: Fielders Choice at 2nd, 5-4 (Groundball, 5, EV 80.6 MPH)
Bottom of the 4th over - 0 runs, 1 hit, 0 errors, 1 left on base; Cincinnati (SS-A) 0 - Everett 4
TOP OF THE 5TH
Cincinnati (SS-A) Reds batting - Pitching for Everett AquaSox : RHP Nick Lezotte
Batting: RHB Dustin Keeney 0-0: Called Strike
0-1: Ball
1-1: Ball
2-1: Foul Ball, location: 9LSF
2-2: Ball
3-2: Strikes out swinging
Batting: LHB Paul Chavez 0-0: Ball
1-0: Foul Ball, location: 7LDF
1-1: Called Strike
1-2: Strikes out swinging
Batting: RHB Chris Savich 0-0: Called Strike
0-1: Ball
1-1: Ground out 3-1 (Groundball, 34, EV 86.9 MPH)
Top of the 5th over - 0 runs, 0 hits, 0 errors, 0 left on base; Cincinnati (SS-A) 0 - Everett 4
BOTTOM OF THE 5TH
Everett AquaSox batting - Pitching for Cincinnati (SS-A) Reds : RHP Mike Reed
Batting: RHB Kyle Hernandez 0-0: Called Strike
0-1: Ball
1-1: Fly out, F9 (Flyball, 9D, EV 104.4 MPH)
Batting: SHB Brian Sheets 0-0: Foul Ball, location: 2F
0-1: SINGLE (Line Drive, 3D, EV 93.8 MPH)
Pitching: RHP Ivan Guerrero
Batting: RHB Scott Mancuso 0-0: Called Strike
0-1: Swinging Strike
0-2: Strikes out looking
Batting: RHB Justin Bell 0-0: Called Strike
0-1: Ball
1-1: Ball
2-1: Foul Ball, location: 2F
2-2: Fly out, F4 (Popup, 4D, EV 65.0 MPH)
Bottom of the 5th over - 0 runs, 1 hit, 0 errors, 1 left on base; Cincinnati (SS-A) 0 - Everett 4
TOP OF THE 6TH
Cincinnati (SS-A) Reds batting - Pitching for Everett AquaSox : RHP Nick Lezotte
Batting: SHB Adam Perez 0-0: Ball
1-0: Fly out, F9 (Flyball, 9S, EV 85.6 MPH)
Batting: RHB Leo Lozoya 0-0: Called Strike
0-1: Foul Ball, location: 9LDF
0-2: Ball
1-2: Ball
2-2: Ball
3-2: SINGLE (Line Drive, 89M, EV 93.1 MPH)
Batting: RHB Rob Ford 0-0: Ball
1-0: Ball
2-0: Swinging Strike
2-1: Fielders Choice at 2nd, 6-4 (Groundball, 6, EV 90.0 MPH)
Batting: RHB David Krisak 0-0: Ball
1-0: Foul Ball, location: 2F
1-1: Ball
Rob Ford is caught stealing 2nd base 2-4
Top of the 6th over - 0 runs, 1 hit, 0 errors, 0 left on base; Cincinnati (SS-A) 0 - Everett 4
BOTTOM OF THE 6TH
Everett AquaSox batting - Pitching for Cincinnati (SS-A) Reds : RHP Ivan Guerrero
Batting: SHB Jim Rogerson 0-0: Fly out, F7 (Flyball, 7LD, EV 83.8 MPH)
Batting: RHB Brett Butler 0-0: Swinging Strike
0-1: Fly out, F8 (Line Drive, 89D, EV 100.0 MPH)
Batting: RHB Chris Fahey 0-0: Ball
1-0: Ball
2-0: Ground out 6-3 (Groundball, 6, EV 104.4 MPH)
Bottom of the 6th over - 0 runs, 0 hits, 0 errors, 0 left on base; Cincinnati (SS-A) 0 - Everett 4
TOP OF THE 7TH
Cincinnati (SS-A) Reds batting - Pitching for Everett AquaSox : RHP Nick Lezotte
Batting: RHB David Krisak 0-0: Ground out 2-3 (Groundball, 13S, EV 67.5 MPH)
Batting: SHB Kyle Brent 0-0: Ball
1-0: Ground out U3 (Groundball, 34, EV 97.5 MPH)
Batting: RHB Chris Leeder 0-0: Ball
1-0: Fly out, F9 (Flyball, 9, EV 96.9 MPH)
Top of the 7th over - 0 runs, 0 hits, 0 errors, 0 left on base; Cincinnati (SS-A) 0 - Everett 4
BOTTOM OF THE 7TH
Everett AquaSox batting - Pitching for Cincinnati (SS-A) Reds : RHP Ivan Guerrero
Batting: RHB Tim Skirvin 0-0: SOLO HOME RUN (Flyball, 78XD, EV 109.4 MPH), Distance : 424 ft
Batting: RHB Primo Daniele 0-0: Called Strike
0-1: Ball
1-1: Ball
2-1: Fly out, F7 (Line Drive, 78M, EV 105.0 MPH)
Batting: RHB Kyle Hernandez 0-0: Ball
1-0: Ball
2-0: Ball
3-0: Called Strike
3-1: Foul Ball, location: 23FF
3-2: Base on Balls
Batting: SHB Brian Sheets 0-0: Foul Ball, location: 5SF
0-1: Ball
Kyle Hernandez steals 2nd base
1-1: Ball
2-1: Ground out 1-3 (Groundball, 15S, EV 60.0 MPH)
Batting: RHB Scott Mancuso 0-0: Swinging Strike
0-1: Ball
1-1: Foul Ball, location: 9LDF
1-2: Strikes out swinging
Bottom of the 7th over - 1 run, 1 hit, 0 errors, 1 left on base; Cincinnati (SS-A) 0 - Everett 5
TOP OF THE 8TH
Cincinnati (SS-A) Reds batting - Pitching for Everett AquaSox : RHP Nick Lezotte
Batting: RHB Dustin Keeney 0-0: Foul Ball, location: 5F
0-1: Swinging Strike
0-2: Ball
1-2: Strikes out swinging
Batting: LHB Paul Chavez 0-0: Ball
1-0: Ball
2-0: Called Strike
2-1: Foul Ball, location: 2F
2-2: Strikes out swinging
Batting: RHB Chris Savich 0-0: Ball
1-0: SINGLE (Line Drive, 3D, EV 108.1 MPH)
Pitching: RHP Jose Lara
Batting: SHB Adam Perez 0-0: Ball
1-0: Ball
2-0: Swinging Strike
2-1: Foul Ball, location: 7LDF
2-2: Ball
3-2: Strikes out swinging
Top of the 8th over - 0 runs, 1 hit, 0 errors, 1 left on base; Cincinnati (SS-A) 0 - Everett 5
BOTTOM OF THE 8TH
Everett AquaSox batting - Pitching for Cincinnati (SS-A) Reds : RHP Ivan Guerrero
Batting: RHB Justin Bell 0-0: Ball
1-0: Ball
2-0: Called Strike
2-1: Foul Ball, location: 9LMF
2-2: Strikes out looking
Batting: SHB Jim Rogerson 0-0: Fly out, F7 (Line Drive, 7LM, EV 97.5 MPH)
Batting: RHB Brett Butler 0-0: Foul Ball, location: 2F
0-1: Swinging Strike
0-2: Strikes out swinging
Bottom of the 8th over - 0 runs, 0 hits, 0 errors, 0 left on base; Cincinnati (SS-A) 0 - Everett 5
TOP OF THE 9TH
Cincinnati (SS-A) Reds batting - Pitching for Everett AquaSox : RHP Jose Lara
Batting: RHB Leo Lozoya 0-0: Ball
1-0: Foul Ball, location: 3DF
1-1: Ball
2-1: Ball
3-1: Base on Balls
Pinch Hitting: RHB Mike Brenden 0-0: Foul Ball, location: 23F
0-1: Ball
1-1: Called Strike
1-2: Ball
2-2: Ball
3-2: Base on Balls
Leo Lozoya to second
Batting: RHB David Krisak 0-0: Called Strike
0-1: Ball
1-1: Grounds into double play, 6-4-3 (Groundball, 6, EV 81.3 MPH)
Leo Lozoya to third
Pinch Hitting: RHB Jose Ortiz 0-0: Called Strike
0-1: Called Strike
0-2: Ball
1-2: Ball
2-2: Fly out, F6 (Popup, 6MD, EV 49.4 MPH)
Top of the 9th over - 0 runs, 0 hits, 0 errors, 1 left on base; Cincinnati (SS-A) 0 - Everett 5
Tuesday, May 14th , 2024 - OOTP Baseball 24.11 Build 85